 Dungeon Crawl Stone Soup version 0.19-a0-54-g5421d7e (webtiles) character file.

1655 useraccount the Shield-Bearer (level 9, -23/65 HPs)
             Began as a Formicid Fighter on May 7, 2016.
             Was a Follower of Pakellas.
             Annihilated by a hill giant
             ... wielding a +0 giant club
              (34 damage)
             ... on level 6 of the Dungeon.
             The game lasted 00:08:16 (4543 turns).

useraccount the Shield-Bearer (Formicid Fighter)    Turns: 4543, Time: 00:08:17

Health: -23/65     AC:  9    Str: 24    XL:     9   Next: 20%
Magic:  12/12      EV: 11    Int:  3    God:    Pakellas [*.....]
Gold:   363        SH: 11    Dex: 10    Spells: 0 memorised, 8 levels left

rFire  + . .     SeeInvis +     x - +3 quarterstaff (chaos)
rCold  . . .     Gourm    .     b - +0 scale mail
rNeg   . . .     Faith    .     c - +0 shield
rPois  .         Spirit   .     (helmet unavailable)
rElec  .         Dismiss  .     w - +1 cloak
rCorr  .         Reflect  .     (no gloves)
SustAt .         Harm     .     (no boots)
MR     .....                    A - amulet of regeneration
Stlth  ..........               J - -5 ring of intelligence (curse)
                                e - ring of protection from fire

@: not resistant to hostile enchantments, extremely unstealthy
A: permanent stasis, dig shafts and tunnels, four strong arms, antennae 3
a: Dig, Shaft Self, Quick Charge, Renounce Religion


You were on level 6 of the Dungeon.
You worshipped Pakellas.
Pakellas was aware of your devotion.
You were not hungry.

You visited 2 branches of the dungeon, and saw 7 of its levels.

You collected 363 gold pieces.

Inventory:

Hand Weapons
 x - a +3 quarterstaff of chaos (weapon)
Armour
 b - a +0 scale mail (worn)
 c - a +0 shield (worn)
 w - a +1 cloak (worn)
Jewellery
 e - a ring of protection from fire (left hand)
 A - an amulet of regeneration (around neck)
 C - the amulet "Ruuwuv" {Faith -Tele rPois rC+ Dex+4}
   (You found it on level 4 of the Dungeon)

   [amulet of faith]

   It allows you to gain divine favour quickly.
   It affects your dexterity (+4).
   It protects you from cold.
   It protects you from poison.
   It prevents most forms of teleportation.
 F - a +2 amulet of reflection
 J - a cursed -5 ring of intelligence (right hand)
Wands
 a - a wand of flame (22/48)
 u - a wand of polymorph (19/24)
 H - a wand of slowing (21/48)
Scrolls
 k - 2 scrolls of magic mapping
Potions
 d - 2 potions of might
 g - 3 potions of invisibility
 h - 2 potions of flight
 n - 4 potions of curing
 o - 3 potions of heal wounds
 q - a potion of resistance
 r - 2 potions of berserk rage {unknown}
 v - a potion of cancellation
 z - 2 potions of mutation {unknown}
 B - 2 potions of cure mutation
 D - 3 potions of lignification {unknown}
 G - a potion of degeneration {unknown}
Comestibles
 f - 3 bread rations
 E - 2 beef jerkies


   Skills:
 - Level 4.0 Fighting
 * Level 6.6 Staves
 - Level 4.0 Armour
 - Level 4.0 Dodging
 + Level 7.7 Shields
 * Level 4.6 Evocations


You had 8 spell levels left.
You didn't know any spells.

Dungeon Overview and Level Annotations

Branches:
Dungeon (6/15)             Temple (1/1) D:5

Altars:
Ashenzari
Cheibriados
Dithmenos
Elyvilon
Fedhas
Gozag
Kikubaaqudgha
Makhleb
Nemelex Xobeh
Okawaru
Pakellas
Qazlal
Sif Muna
Vehumet
Xom
Yredelemnul
Zin
The Shining One

Shops:
D:6 [


Innate Abilities, Weirdness & Mutations

You are under a permanent stasis effect.
You can dig through walls and to a lower floor.
Your four strong arms can wield two-handed weapons with a shield.
You have a pair of large antennae on your head (SInv).


Message History

The hill giant is moderately wounded.
You block the hill giant's attack.
You hit the hill giant. You drain the hill giant!
The hill giant is heavily wounded.
You block the hill giant's attack.
You sock the hill giant!
The hill giant is poisoned.
The hill giant is heavily wounded.
You hit the hill giant.
The hill giant is severely wounded.
You block the hill giant's attack.
You hit the hill giant but do no damage.
The hill giant is severely wounded.
The hill giant hits you with a giant club.
* * * LOW HITPOINT WARNING * * *
You hit the hill giant. You freeze the hill giant.
The hill giant is almost dead.
The hill giant hits you with a giant club!!
Ouch! That really hurt!
You die...
Pakellas says: Time to find a new assistant...

...............# *.#,,,,,,,,,*
...............#
##.#**********
...............###..#
...................#*
...............##..#
...............##..# #######
...............#...# #.....#
...............#.#.# #.....#
####........../#@#.# #.....#
####...#.##.##..C..## #.....#
..#......##.........# #.##.##
#.....#.............# #.##.##
#.#......##.........###.##..#
#>...#..###.............###.##
#...#...# #.........#######..#
#.......# #...>.....#####<..##
....##..#*#.........#.....###


You could see a hill giant.

Vanquished Creatures
  Prince Ribbit (D:5)
  A water moccasin (D:5)
  An orc warrior (D:6)
  A sky beast (D:5)
  3 ogres (D:4)
  A phantom (D:3)
  A giant frog (D:6)
  A scorpion (D:4)
  A howler monkey (D:4)
  2 crimson imps (D:5)
  A hound (D:4)
  A gnoll shaman (Temple)
  Crazy Yiuf (D:3)
  A centaur skeleton (D:5)
  An iguana (D:4)
  2 orc wizards
  4 worker ants
  A hound zombie (D:5)
  A hound skeleton (D:6)
  9 gnolls
  6 adders
  A shadow imp (D:5)
  4 oozes
  3 worms
  2 dart slugs
  5 giant geckos
  10 orcs
  10 bats
  2 giant cockroaches
  4 goblins
  3 hobgoblins (D:1)
  8 jackals
  5 kobolds
  3 quokkas
  2 ball pythons
  8 giant newts
  A quokka skeleton (D:5)
  8 rats
120 creatures vanquished.

Notes
Turn   | Place    | Note
--------------------------------------------------------------
     0 | D:1      | useraccount the Formicid Fighter began the quest for the Orb.
     0 | D:1      | Reached XP level 1. HP: 18/18 MP: 1/1
   202 | D:1      | Reached XP level 2. HP: 24/24 MP: 2/2
   547 | D:1      | Reached XP level 3. HP: 26/29 MP: 3/3
   775 | D:2      | Reached skill level 1 in Dodging
   799 | D:2      | Reached skill level 4 in Shields
   996 | D:2      | Reached XP level 4. HP: 35/37 MP: 4/4
  1895 | D:3      | Noticed Crazy Yiuf
  1936 | D:3      | Killed Crazy Yiuf
  1936 | D:3      | Reached XP level 5. HP: 22/42 MP: 5/5
  2447 | D:4      | Noticed an ogre
  2448 | D:4      | Noticed an ogre
  2584 | D:4      | Noticed a phantom
  2607 | D:3      | HP: 2/42 [worker ant (6)]
  2615 | D:3      | Reached XP level 6. HP: 16/48 MP: 6/6
  2626 | D:3      | Reached skill level 5 in Shields
  2633 | D:3      | Killed a phantom
  2865 | D:4      | Got a warped copper amulet
  2868 | D:4      | Identified the amulet "Ruuwuv" {Faith -Tele rPois rC+ Dex+4} (You found it on level 4 of the Dungeon)
  2914 | D:4      | Noticed an ogre
  2939 | D:4      | Killed an ogre
  2939 | D:4      | Reached XP level 7. HP: 54/54 MP: 7/7
  3085 | D:4      | Reached skill level 6 in Shields
  3389 | D:4      | Found a snail-covered altar of Cheibriados.
  3434 | D:5      | Entered Level 5 of the Dungeon
  3442 | D:5      | Reached XP level 8. HP: 60/60 MP: 8/8
  3589 | D:5      | Found a staircase to the Ecumenical Temple.
  3595 | Temple   | Entered the Ecumenical Temple
  3646 | Temple   | Became a worshipper of Pakellas the Inventive
  3665 | D:5      | Reached skill level 5 in Staves
  3825 | D:5      | Reached skill level 7 in Shields
  3825 | D:5      | Reached skill level 1 in Evocations
  3849 | D:5      | Noticed Prince Ribbit
  3869 | D:5      | Killed Prince Ribbit
  4070 | D:5      | Reached XP level 9. HP: 64/65 MP: 11/11
  4271 | D:5      | Reached * piety under Pakellas
  4271 | D:5      | Received a gift from Pakellas
  4321 | D:6      | Found Jyery's Armour Boutique.
  4532 | D:6      | Noticed a hill giant
  4543 | D:6      | Annihilated by a hill giant

Vault maps used:
D:1:      minmay_arrival_shattered_statue, kennysheep_nondescript, st_stairs_1
D:2:      first_bread
D:3:      serial_bayou_pond_e, st_stairs_11, uniq_crazy_yiuf_cottage
D:4:      kennysheep_slug_shrine
D:5:      minmay_temple_entry_grid, uniq_prince_ribbit1
D:6:      serial_shops, shop, kennysheep_generic_room_11
Temple:   grunt_circular_temple_18

Skill      XL: |  1  2  3  4  5  6  7  8  9 |
---------------+----------------------------+-----
Dodging        | 1 2 3 4 |  4.0
Shields        | 4 5 6 7 |  7.7
Fighting       | 4 |  4.0
Armour         | 4 |  4.0
Staves         | 3 4 6 |  6.6
Evocations     | 3 4 |  4.6

Action                   |  1- 3 |  4- 6 |  7- 9 || total
-------------------------+-------+-------+-------++-------
Melee: Quarterstaff      |    85 |   172 |   198 ||   455
       Unarmed           |       |     7 |       ||     7
 Abil: Dig               |       |     2 |       ||     2
Evoke: Wand              |       |       |     1 ||     1
  Use: Potion            |       |     1 |       ||     1
       Scroll            |       |     8 |     8 ||    16
 Stab: Petrified         |       |     1 |       ||     1
  Eat: Chunk             |     2 |    15 |       ||    17
Armor: Scale mail        |    46 |    95 |    42 ||   183
Dodge: Dodged            |    38 |    81 |    62 ||   181
Block: Shield            |    66 |   112 |   104 ||   282
